 Dungeon Crawl Stone Soup version 0.29.0-4-gdea44cf6ec (webtiles) character file.

Game seed: 15027163033919611652

290029 qw the Slayer (level 20, -15/202 HPs)
             Began as a Minotaur Berserker on Sept 10, 2022.
             Was an Elder of Trog.
             Killed from afar by an ironbound thunderhulk (65 damage)
             ... with a bolt of lightning
             ... led by a vault warden
             ... on level 4 of the Vaults.
             The game lasted 00:15:41 (39660 turns).

qw the Slayer (Minotaur Berserker)                 Turns: 39660, Time: 00:15:41

Health: -15/202    AC: 34    Str: 28    XL:     20   Next: 27%
Magic:  19/19      EV: 16    Int: 10    God:    Trog [****..]
Gold:   1370       SH: 27    Dex: 13    Spells: 19/19 levels left

rFire   . . .      SeeInvis +   h - +14 obsidian axe {vorpal, Mesm Drain Fly SInv}
rCold   + . .      Faith    .   m - +0 tower shield
rNeg    . . .      Spirit   .   F - +4 plate armour {rC+}
rPois   +          Reflect  +   w - +2 hat {Will+}
rElec   .          Harm     .   c - +2 cloak of the Hunter {Int+6 Dex+2}
rCorr   +          Rampage  .   v - +1 pair of gloves of Exclusion {rCorr}
Will    ++...                   j - +0 pair of boots
Stlth   ..........              o - amulet of reflection
HPRegen 0.43/turn               Y - +4 ring of evasion
MPRegen 0.16/turn               g - ring of poison resistance

@: about to teleport, flying, mesmerised
A: horns 2, retaliatory headbutt, weak 1
}: 1/15 runes: gossamer
a: Renounce Religion, Berserk, Trog's Hand, Brothers in Arms


You were on level 4 of the Vaults.
You worshipped Trog.
Trog was greatly pleased with you.
You visited 6 branches of the dungeon, and saw 33 of its levels.

You collected 4302 gold pieces.
You spent 2932 gold pieces at shops.


Innate Abilities, Weirdness & Mutations

You have a pair of horns on your head.
You reflexively headbutt those who attack you in melee.
You are weak. (Str -2)


   Skills:
 + Level 22.6 Fighting
 - Level 18.0 Axes
 - Level 11.0 Throwing
 - Level 21.0 Armour
 - Level 11.0 Dodging
 - Level 21.6 Shields


You had 19 spell levels left.
You didn't know any spells.
Your spell library was empty.

Inventory:

Hand Weapons
 h - the +14 obsidian axe (weapon) {vorpal, Mesm Drain Fly SInv}
   (You acquired it on level 5 of the Dungeon)

   It inflicts extra damage upon your enemies.
   It occasionally summons demons to assist the wielder when it strikes in
   combat.
   Its wielder is mesmerised by any visible foes.
   It cannot be unequipped while any foes are visible.
   SInv:      It lets you see invisible.
   Fly:       It grants you flight.
   Drain:     It drains your maximum health when unequipped.
 k - the +8 war axe "Orb Guardian's Curse" {vorpal, rF+}
   (You found it on level 1 of the Lair of Beasts)

   It inflicts extra damage upon your enemies.
   rF:        It protects you from fire.
Missiles
 f - 5 boomerangs (quivered)
Armour
 c - the +2 cloak of the Hunter (worn) {Int+6 Dex+2}
   (You found it on level 1 of the Spider Nest)

   Int:       It affects your intelligence (+6).
   Dex:       It affects your dexterity (+2).
 j - a +0 pair of boots (worn)
 m - a +0 tower shield (worn)
 u - the +2 cloak of the Thief {*Fog Slay-2 SInv Stlth+}
   (You found it on level 10 of the Dungeon)

   It may release a thick cloud of smoke when the wearer is hurt.
   Slay:      It affects your accuracy & damage with ranged weapons and melee
   (-2).
   SInv:      It lets you see invisible.
   Stlth:     It makes you more stealthy.
 v - the +1 pair of gloves of Exclusion (worn) {rCorr}
   (You found it on level 4 of the Spider Nest)

   rCorr:     It protects you from acid and corrosion.
 w - a +2 hat of willpower (worn)
 E - a +2 plate armour of fire resistance
 F - a +4 plate armour of cold resistance (worn)
Jewellery
 d - a ring of fire
 g - a ring of poison resistance (right hand)
 o - an amulet of reflection (around neck)
 p - a +4 ring of evasion
 r - a ring of protection from fire
 Y - a +4 ring of evasion (left hand)
Wands
 A - a wand of digging (6)
Scrolls
 a - 8 scrolls of identify
 l - 6 scrolls of enchant weapon
 n - 9 scrolls of teleportation
 q - 2 scrolls of brand weapon
Potions
 b - 15 potions of curing
 e - 3 potions of mutation
 i - a potion of might
 x - a potion of cancellation
 z - 8 potions of haste

Dungeon Overview and Level Annotations

Branches:
Dungeon (15/15)            Temple (0/1) D:4            Lair (5/5) D:8
  Swamp (3/4) Lair:2       Spider (4/4) Lair:3        Slime (0/5) Lair:4
    Orc (2/2) D:10            Elf (0/3) Orc:2        Vaults (4/5) D:14
  Crypt (0/3) Vaults:3     Depths (0/4) D:15

Altars:
Dithmenos
Elyvilon
Fedhas
Hepliaklqana
Kikubaaqudgha
Makhleb
Nemelex Xobeh
Okawaru
Sif Muna
Uskayaw
Wu Jian
Zin
Jiyva

Shops:
D:5 *   Orc:2 [=(*[   Vaults:3 *(

Portals:
Trove: D:12 (lose all piety)

Annotations:
D:3 3 runed translucent doors, qw's ghost, amateur DsCA; qw's ghost, amateur GrDe; qw's ghost, amateur GrFi; qw's ghost, weakling DsCA
D:7 1 runed translucent door, Crazy Yiuf
Orc:1 2 transporters, qw's ghost, journeyman MiBe


Message History

A brown very ugly thing comes into view.
Strange energies crackle from the ironbound thunderhulk's apparatus.
The ironbound thunderhulk blinks!
A vault warden comes into view. It is wielding a +0 war axe.
Visions of slaying the brown ugly thing flood into your mind.
The brown very ugly thing gurgles horribly! x2
You block the brown ugly thing's attack.
Electricity crackles from the ironbound thunderhulk's apparatus.
The bolt of lightning hits you!!!
The vault warden moves out of view.
You slice the brown ugly thing!! You headbutt the brown ugly thing.
The brown ugly thing is moderately wounded.
The brown very ugly thing basks in the mutagenic energy from its kin and changes!
You slice the brown ugly thing!! You headbutt the brown ugly thing!
The brown ugly thing is almost dead.
The brown ugly thing tentacle-slaps you.
You are splashed with acid.
You resist.
Strange energies crackle from the ironbound thunderhulk's apparatus.
The ironbound thunderhulk blinks!
39658 ||| READING 10 scrolls of teleportation.
As you read the scroll of teleportation, it crumbles to dust.
You feel strangely unstable.
A yaktaur comes into view.
Strange energies crackle from the ironbound thunderhulk's apparatus.
The ironbound thunderhulk blinks!
The yaktaur shouts!
You slice the brown ugly thing!! You open a gate to Pandemonium!
A demon appears!
You are no longer entranced.
You kill the brown ugly thing!
Trog accepts your kill.
You closely miss the brown very ugly thing.
Visions of slaying the brown very ugly thing flood into your mind.
You block the brown very ugly thing's attack.
You slice the brown very ugly thing!!
The brown very ugly thing is moderately wounded.
The vault warden activates a sealing rune.
You block the brown very ugly thing's attack.
Electricity crackles from the ironbound thunderhulk's apparatus.
The bolt of lightning hits you!!!
You die...

.....#
..ยค..#
.....#c
.(..c'O
p.... u..
##
###u######
#.
#3@000000.#
#.
#..00..000#
####.
#.0.0.0000#
#....
#...00~\00#
#....
#.....0~00#
#....
#.....0~.0#
#####.
#.........#
#...)[
#.........#
#...')
#.........#
#...##


You could see 2 very ugly things, a vault warden, an ironbound thunderhulk, 2
yaktaurs and a friendly neqoxec (summoned).

Vanquished Creatures
  Mennas (Vaults:2)
  Frederick (Vaults:4)
  Gastronok (D:8)
  A tengu reaver (Vaults:4)
  A fire giant (Vaults:1)
  5 ghost moths
  An orc warlord (Orc:2)
  4 emperor scorpions
  13 vault wardens
  A ghoul (Swamp:1)
  8 very ugly things
  20 ironbound preservers
  2 broodmothers
  4 ironbound thunderhulks
  4 entropy weavers
  Azrael (Spider:3)
  4 eleionomae
  4 spark wasps
  2 bunyips
  A fire dragon (D:14)
  2 ettins
  Josephine (Spider:1)
  5 yaktaur captains
  5 great orbs of eyes
  5 hydras
  A peacekeeper (Vaults:2)
  A spriggan air mage (Swamp:2)
  11 ironbound frosthearts
  3 boulder beetles
  5 centaur warriors
  4 two-headed ogres
  17 vault guards
  5 alligators
  A ghost crab (Swamp:1)
  2 radroaches
  Erica (D:10)
  3 catoblepae
  A deep troll shaman (Lair:5)
  2 orc high priests (Orc:2)
  8 death yaks
  3 tengu warriors
  Urug (D:13)
  5 spriggans
  3 hell knights
  A sun moth (Spider:4)
  3 pharaoh ants
  A spriggan druid (Swamp:2)
  3 goliath frogs
  7 steelbarb worms
  52 deep trolls
  A deep elf archer (D:14)
  Pikel (D:8)
  A deep troll (shapeshifter) (Vaults:1)
  9 orb spiders
  6 harpies (Vaults:1)
  21 ironbound convokers
  6 lindwurms
  2 deep elf zephyrmancers
  10 wizards
  6 bog bodies
  2 necromancers
  2 orc knights (D:15)
  3 orc sorcerers (Orc:2)
  3 deep elf pyromancers
  An oklob plant (Lair:5)
  2 will-o-the-wisps
  38 ugly things
  4 manticores
  3 cyclopes
  4 moths of wrath
  13 elephants
  15 wolf spiders
  10 vault sentinels
  Joseph (D:7)
  4 black mambas
  A torpor snail (Spider:3)
  2 guardian serpents (D:15)
  A gargoyle (D:13)
  9 cane toads
  7 rime drakes
  An unseen horror (D:10)
  5 demonic crawlers
  An efreet (D:14)
  20 yaktaurs
  10 komodo dragons
  A tengu conjurer (D:13)
  A bloated husk (Swamp:1)
  13 trolls
  9 hornets
  7 tyrant leeches
  A hornet (shapeshifter) (D:15)
  15 tarantellas
  11 blink frogs
  6 slime creatures
  3 polar bears
  7 dream sheep
  2 centaur simulacra (D:15)
  18 jumping spiders
  8 wyverns
  19 culicivoras
  4 fire elementals (Spider:3)
  A vampire (D:14)
  6 wraiths
  33 yaks
  Grum (D:8)
  A steam dragon (D:10)
  21 humans (D:14)
  6 basilisks
  10 vampire mosquitoes
  52 redbacks
  9 swamp worms
  3 acid dragons
  23 water moccasins
  4 wargs
  2 hell hounds
  A swamp drake (Swamp:2)
  An ice beast (D:6)
  3 black bears
  26 orc warriors
  A sky beast (D:7)
  4 ogres
  4 centaurs
  3 boggarts (Vaults:2)
  16 wolves
  A phantom (D:3)
  Blork the orc (D:4)
  4 kobold brigands
  8 bullfrogs
  8 gnoll sergeants
  2 necrophages
  3 scorpions
  24 killer bees
  A howler monkey (D:10)
  2 electric eels (Spider:4)
  4 jellies
  15 orc priests
  2 gnoll boudas
  3 iguanas
  5 hell rats
  26 orc wizards
  26 gnolls
  11 adders
  A shadow imp (D:7)
  2 white imps
  An ufetubus (D:6)
  3 dart slugs
  46 orcs
  8 ball pythons
  5 endoplasms
  2 giant cockroaches
  7 hobgoblins
  5 jackals
  A quokka (D:2)
  2 bats
  3 frilled lizards
  5 goblins
  16 kobolds
  4 rats
  A bush (Lair:2)
1080 creatures vanquished.

Vanquished Creatures (collateral kills)
  Mara (Spider:4)
  Margery (Vaults:4)
  Jorgrun (Spider:1)
  An emperor scorpion (Spider:4)
  2 vault wardens
  An ironbound preserver (Vaults:1)
  4 ironbound thunderhulks
  2 entropy weavers
  A bunyip (Swamp:3)
  A dire elephant (Vaults:1)
  3 boulder beetles
  2 vault guards
  A yaktaur captain (Vaults:4)
  6 hydras
  A radroach (Spider:1)
  An ironbound frostheart (Vaults:2)
  A death yak (Lair:5)
  An alligator (Swamp:2)
  A pharaoh ant (Spider:1)
  2 hell knights (Vaults:4)
  A goliath frog (Swamp:2)
  A steelbarb worm (Spider:3)
  8 deep trolls
  A bog body (Swamp:1)
  A deep elf archer (D:14)
  2 orc knights (Orc:2)
  3 orb spiders
  5 ironbound convokers
  2 ugly things
  A necromancer (Vaults:4)
  A deep elf pyromancer (D:14)
  A cyclops (D:12)
  3 wolf spiders
  An orc sorcerer (Orc:2)
  A moth of wrath (Spider:1)
  3 elephants
  2 black mambas
  A vault sentinel (Vaults:1)
  4 torpor snails
  2 cane toads
  3 rime drakes (Lair:4)
  A kobold demonologist (D:12)
  2 komodo dragons
  A yaktaur (Vaults:4)
  A polar bear (D:11)
  2 trolls (Orc:2)
  A queen bee (Lair:1)
  A hornet (Spider:4)
  14 tarantellas
  7 blink frogs
  3 dream sheep (Lair:4)
  A slime creature (Vaults:1)
  11 jumping spiders
  9 culicivoras
  4 yaks
  2 wyverns
  A wraith (D:10)
  A spriggan (Swamp:1)
  A human (D:14)
  14 redbacks
  A steam dragon (D:9)
  2 swamp worms
  A water moccasin (D:8)
  2 hell hounds
  2 orc warriors (Orc:2)
  A sky beast (D:6)
  2 lemures (D:8)
  4 bullfrogs (D:8)
  A kobold brigand (D:9)
  A necrophage (Swamp:1)
  A gnoll sergeant (D:7)
  A scorpion (D:7)
  8 killer bees
  A howler monkey (D:6)
  A hound (D:6)
  3 orc priests
  2 orc wizards
  6 hell rats
  10 gnolls
  12 orcs
  4 butterflies (Lair:4)
224 creatures vanquished.

Vanquished Creatures (others)
  An orc (D:9)
  A kobold (D:9)
  A bush (Lair:5)
  3 foxfires
  66 fungi
  93 plants
165 creatures vanquished.

Grand Total: 1469 creatures vanquished

Notes
Turn   | Place    | Note
-------+----------+-------------------------------------------
     0 | D:1      | qw the Minotaur Berserker began the quest for the Orb.
     0 | D:1      | Reached XP level 1. HP: 19/19 MP: 0/0
     0 | D:1      | 0 ||| qw: Version: 0.1-a-116-g5d60599
     0 | D:1      | 0 ||| qw: Game counter: 7629
     0 | D:1      | 0 ||| qw: Always use a shield: true
     0 | D:1      | 0 ||| qw: Do Orc after D:15 true
     0 | D:1      | 0 ||| qw: Do second Lair branch before Depths: true
     0 | D:1      | 0 ||| qw: Lair rune preference: random
     0 | D:1      | 0 ||| qw: Plans: Normal
     0 | D:1      | 0 ||| PLANNING D:1-11
   197 | D:1      | 197 ||| Stepping ~*~*~tactically~*~*~ (stealth).
   387 | D:1      | 387 ||| Stepping ~*~*~tactically~*~*~ (hiding).
   489 | D:1      | 489 ||| Stepping ~*~*~tactically~*~*~ (hiding).
   497 | D:1      | Reached XP level 2. HP: 26/26 MP: 1/1
  1043 | D:1      | 1043 ||| READING scroll labelled ULIRCH NAAXTIA.
  1044 | D:1      | 1044 ||| READING scroll labelled HEJO NOPRAMO.
  1185 | D:2      | Found a faded altar of an unknown god.
  1270 | D:2      | Reached XP level 3. HP: 31/31 MP: 2/2
  1288 | D:2      | 1288 ||| INVOKING Berserk.
  1643 | D:2      | 1643 ||| DROPPING +0 club.
  1662 | D:2      | Reached skill level 6 in Axes
  1662 | D:2      | Reached XP level 4. HP: 39/39 MP: 3/3
  1721 | D:2      | 1721 ||| READING scroll of enchant weapon.
  1721 | D:2      | 1721 ||| ENCHANTING +1 hand axe.
  1948 | D:2      | 1948 ||| INVOKING Berserk.
  2126 | D:2      | 2126 ||| UPGRADING to +0 ring mail.
  2136 | D:2      | 2136 ||| DROPPING +0 animal skin.
  2137 | D:2      | 2137 ||| UPGRADING to +0 pair of boots.
  2142 | D:2      | 2142 ||| UPGRADING to +6 ring of dexterity.
  2143 | D:2      | 2143 ||| READING 2 scrolls labelled EFOSOA XUCSI.
  2144 | D:2      | 2144 ||| READING scroll labelled YRE HAUCLO.
  2149 | D:2      | 2149 ||| READING 2 scrolls labelled UTACSIN JAINUW.
  2150 | D:2      | 2150 ||| DRINKING 2 puce potions.
  2151 | D:2      | 2151 ||| DROPPING scroll of blinking.
  2217 | D:3      | Reached ** piety under Trog
  2416 | D:3      | Noticed a phantom
  2417 | D:3      | 2417 ||| Stepping ~*~*~tactically~*~*~ (stealth).
  2431 | D:3      | 2431 ||| INVOKING Berserk.
  2432 | D:3      | Killed a phantom
  2433 | D:3      | Reached XP level 5. HP: 31/45 MP: 4/4
  2632 | D:3      | Found a runed translucent gate.
  2632 | D:3      | Found a runed translucent gate.
  2632 | D:3      | Noticed qw's ghost (amateur GrFi)
  2632 | D:3      | Noticed qw's ghost (weakling DsCA)
  2633 | D:3      | Found a runed translucent gate.
  2633 | D:3      | Noticed qw's ghost (amateur DsCA)
  2633 | D:3      | Noticed qw's ghost (amateur GrDe)
  2651 | D:3      | 2651 ||| Stepping ~*~*~tactically~*~*~ (stealth).
  2653 | D:3      | 2653 ||| Stepping ~*~*~tactically~*~*~ (stealth).
  2666 | D:3      | 2666 ||| Stepping ~*~*~tactically~*~*~ (stealth).
  2697 | D:3      | 2697 ||| SWAPPING to +0 war axe.
  2699 | D:3      | 2699 ||| DROPPING +2 vorpal mace.
  2700 | D:3      | 2700 ||| DROPPING +2 hand axe.
  2726 | D:3      | Reached skill level 4 in Fighting
  2833 | D:3      | Found an ancient bone altar of Kikubaaqudgha.
  2844 | D:3      | Found a hazy altar of Hepliaklqana.
  3195 | D:3      | 3195 ||| UPGRADING to +0 chain mail.
  3205 | D:3      | 3205 ||| DROPPING +0 ring mail.
  3206 | D:3      | 3206 ||| UPGRADING to +0 pair of gloves.
  3211 | D:3      | 3211 ||| READING scroll labelled LOMERRUAKHLA.
  3527 | D:4      | Reached XP level 6. HP: 52/52 MP: 5/5
  3536 | D:4      | Noticed Blork the orc
  3538 | D:4      | 3538 ||| INVOKING Berserk.
  3541 | D:4      | Killed Blork the orc
  3542 | D:4      | Reached skill level 3 in Armour
  3812 | D:4      | 3812 ||| Stepping ~*~*~tactically~*~*~ (stealth).
  3818 | D:4      | 3818 ||| Stepping ~*~*~tactically~*~*~ (stealth).
  3819 | D:4      | 3819 ||| Stepping ~*~*~tactically~*~*~ (stealth).
  3846 | D:4      | 3846 ||| Stepping ~*~*~tactically~*~*~ (stealth).
  3847 | D:4      | 3847 ||| Stepping ~*~*~tactically~*~*~ (stealth).
  3849 | D:4      | 3849 ||| Stepping ~*~*~tactically~*~*~ (stealth).
  3892 | D:4      | 3892 ||| FLEEEEING.
  3893 | D:4      | 3893 ||| FLEEEEING.
  3894 | D:4      | 3894 ||| FLEEEEING.
  3898 | D:4      | 3898 ||| FLEEEEING.
  3899 | D:4      | 3899 ||| FLEEEEING.
  3900 | D:4      | 3900 ||| FLEEEEING.
  3901 | D:4      | 3901 ||| FLEEEEING.
  3902 | D:4      | 3902 ||| FLEEEEING.
  3903 | D:4      | 3903 ||| FLEEEEING.
  3914 | D:4      | 3914 ||| FLEEEEING.
  3915 | D:4      | 3915 ||| FLEEEEING.
  3916 | D:4      | 3916 ||| FLEEEEING.
  3919 | D:4      | 3919 ||| STAIRDANCE
  4066 | D:3      | 4066 ||| UPGRADING to +0 cloak.
  4292 | D:4      | Found a staircase to the Ecumenical Temple.
  4356 | D:4      | Identified the +7 spear "Newtbane" {antimagic, rC+ Will+}
  4575 | D:4      | 4575 ||| UPGRADING to amulet of reflection.
  4580 | D:4      | 4580 ||| READING scroll labelled TARUAM DU VUQ.
  4581 | D:4      | 4581 ||| READING scroll of teleportation.
  4595 | D:5      | Entered Level 5 of the Dungeon
  4601 | D:5      | 4601 ||| INVOKING Berserk.
  4806 | D:5      | Found Hibuvveu's Assorted Antiques.
  4814 | D:5      | Reached skill level 1 in Throwing
  4814 | D:5      | Reached XP level 7. HP: 59/59 MP: 6/6
  4817 | D:5      | 4817 ||| BUYING scroll labelled POGOIHEERO (29 gold).
  4817 | D:5      | Bought a scroll labelled POGOIHEERO for 29 gold pieces
  4817 | D:5      | 4817 ||| BUYING scroll of teleportation (87 gold).
  4817 | D:5      | Bought a scroll of teleportation for 87 gold pieces
  4829 | D:5      | 4829 ||| INVOKING Berserk.
  4832 | D:5      | Reached skill level 9 in Axes
  5092 | D:5      | Identified the +8 whip of the Orange Skies {freeze, +Blink
                  | Int+3}
  5094 | D:5      | 5094 ||| DROPPING +0 flail.
  5162 | D:5      | Found a blossoming altar of Fedhas.
  5215 | D:5      | Reached skill level 5 in Fighting
  5215 | D:5      | 5215 ||| INVOKING Berserk.
  5219 | D:5      | HP: 22/91 [gnoll sergeant/+0 spear (4)]
  5553 | D:5      | Found an ornate altar of the Wu Jian Council.
  5554 | D:5      | Found a glowing silver altar of Zin.
  5612 | D:5      | 5612 ||| READING scroll labelled YSTO GOLO ZYR.
  5612 | D:5      | Identified a scroll of acquirement
  5612 | D:5      | 5612 ||| ACQUIRING +14 obsidian axe {vorpal, Mesm Drain Fly
                  | SInv}
  5612 | D:5      | Acquired the +14 obsidian axe {vorpal, Mesm Drain Fly SInv}
  5612 | D:5      | Found the +14 obsidian axe {vorpal, Mesm Drain Fly SInv}
  5614 | D:5      | 5614 ||| SWAPPING to +14 obsidian axe {vorpal, Mesm Drain
                  | Fly SInv}.
  5615 | D:5      | 5615 ||| DROPPING +0 war axe.
  5616 | D:5      | 5616 ||| READING scroll labelled POGOIHEERO.
  5617 | D:5      | 5617 ||| DRINKING 3 purple potions.
  5618 | D:5      | 5618 ||| READING 3 scrolls of identify.
  5618 | D:5      | 5618 ||| IDENTIFYING viscous orange potion
  5619 | D:5      | 5619 ||| READING 2 scrolls of identify.
  5619 | D:5      | 5619 ||| IDENTIFYING glowing yellow potion
  5620 | D:5      | 5620 ||| DROPPING potion of lignification.
  5621 | D:5      | 5621 ||| DROPPING potion of attraction.
  5646 | D:6      | Found a shimmering blue altar of Sif Muna.
  5665 | D:6      | Found a hide-covered altar of Uskayaw.
  5673 | D:6      | Reached XP level 8. HP: 55/68 MP: 7/7
  5673 | D:6      | 5673 ||| INVOKING Berserk.
  5677 | D:6      | Reached skill level 6 in Fighting
  5768 | D:6      | 5768 ||| Stepping ~*~*~tactically~*~*~ (cloud).
  5795 | D:6      | 5795 ||| Stepping ~*~*~tactically~*~*~ (hiding).
  5824 | D:6      | Reached *** piety under Trog
  6126 | D:6      | Reached skill level 3 in Dodging
  6562 | D:6      | 6562 ||| READING 3 scrolls of identify.
  6562 | D:6      | 6562 ||| IDENTIFYING red potion
  6563 | D:6      | 6563 ||| READING 2 scrolls of identify.
  6563 | D:6      | 6563 ||| IDENTIFYING bubbling green potion
  6564 | D:6      | 6564 ||| DROPPING potion of ambrosia.
  6599 | D:5      | Found a shadowy altar of Dithmenos.
  6860 | D:7      | 6860 ||| Stepping ~*~*~tactically~*~*~ (hiding).
  6917 | D:7      | 6917 ||| Stepping ~*~*~tactically~*~*~ (stealth).
  6920 | D:7      | 6920 ||| Stepping ~*~*~tactically~*~*~ (hiding).
  6948 | D:7      | Reached skill level 3 in Throwing
  7075 | D:7      | Reached XP level 9. HP: 75/75 MP: 8/8
  7075 | D:7      | Noticed Joseph
  7076 | D:7      | 7076 ||| Stepping ~*~*~tactically~*~*~ (hiding).
  7083 | D:7      | Killed Joseph
  7084 | D:7      | Reached skill level 12 in Axes
  7153 | D:7      | Reached skill level 7 in Fighting
  7167 | D:7      | 7167 ||| READING scroll labelled YWIPPA COLA.
  7245 | D:7      | 7245 ||| READING 4 scrolls of teleportation.
  7253 | D:7      | Found a runed translucent door.
  7254 | D:7      | Noticed Crazy Yiuf
  7276 | D:7      | Reached skill level 6 in Armour
  7650 | D:8      | Reached **** piety under Trog
  7660 | D:8      | Reached skill level 8 in Fighting
  7677 | D:8      | 7677 ||| Stepping ~*~*~tactically~*~*~ (stealth).
  7695 | D:8      | Found a staircase to the Lair.
  7699 | D:8      | Reached XP level 10. HP: 90/90 MP: 9/9
  7737 | D:8      | Noticed Pikel
  7743 | D:8      | Killed Pikel
  7814 | D:8      | Noticed Grum
  7822 | D:8      | Killed Grum
  7840 | D:8      | Noticed Gastronok
  7841 | D:8      | 7841 ||| INVOKING Berserk.
  7847 | D:8      | Killed Gastronok
  7855 | D:8      | 7855 ||| Stepping ~*~*~tactically~*~*~ (hiding).
  7858 | D:8      | 7858 ||| Stepping ~*~*~tactically~*~*~ (hiding).
  7859 | D:8      | 7859 ||| Stepping ~*~*~tactically~*~*~ (hiding).
  7977 | D:8      | Found an iron altar of Okawaru.
  8081 | D:8      | Found a sparkling altar of Nemelex Xobeh.
  8093 | D:8      | 8093 ||| DROPPING +8 whip of the Orange Skies {freeze,
                  | +Blink Int+3}.
  8255 | D:8      | 8255 ||| PLANNING LAIR
  8255 | D:8      | 8255 ||| DROPPING +1 ring mail of fire resistance.
  8256 | D:8      | 8256 ||| UPGRADING to +0 buckler.
  8261 | D:8      | 8261 ||| UPGRADING to +2 hat.
  8266 | D:8      | 8266 ||| DROPPING scarf of shadows.
  8267 | D:8      | 8267 ||| UPGRADING to +0 plate armour.
  8277 | D:8      | 8277 ||| DROPPING +0 chain mail.
  8278 | D:8      | 8278 ||| UPGRADING to +2 hat of willpower.
  8288 | D:8      | 8288 ||| DROPPING +2 hat.
  8289 | D:8      | 8289 ||| READING 4 scrolls of identify.
  8289 | D:8      | 8289 ||| IDENTIFYING fizzy inky potion
  8290 | D:8      | 8290 ||| READING 3 scrolls of identify.
  8290 | D:8      | 8290 ||| IDENTIFYING viscous dark potion
  8291 | D:8      | 8291 ||| READING 2 scrolls of identify.
  8291 | D:8      | 8291 ||| IDENTIFYING murky coppery potion
  8292 | D:8      | 8292 ||| DROPPING potion of degeneration.
  8332 | Lair:1   | Entered Level 1 of the Lair of Beasts
  8332 | Lair:1   | Noticed a cane toad
  8337 | Lair:1   | Killed a cane toad
  8339 | Lair:1   | Reached skill level 3 in Shields
  8475 | Lair:1   | 8475 ||| INVOKING Berserk.
  8496 | Lair:1   | Reached XP level 11. HP: 64/95 MP: 10/10
  8632 | Lair:1   | Reached ***** piety under Trog
  8634 | Lair:1   | Reached skill level 15 in Axes
  8658 | Lair:1   | 8658 ||| Stepping ~*~*~tactically~*~*~ (stealth).
  8666 | Lair:1   | Reached skill level 9 in Fighting
  8704 | Lair:1   | 8704 ||| READING 4 scrolls of teleportation.
  8705 | Lair:1   | 8705 ||| Waiting to end mesmerise (stuck).
  8706 | Lair:1   | 8706 ||| Waiting to end mesmerise (stuck).
  8707 | Lair:1   | 8707 ||| Waiting to end mesmerise (stuck).
  8782 | Lair:1   | 8782 ||| INVOKING Brothers in Arms.
  9053 | Lair:1   | Identified the +8 war axe "Orb Guardian's Curse" {vorpal,
                  | rF+}
  9149 | Lair:2   | 9149 ||| INVOKING Brothers in Arms.
  9152 | Lair:2   | 9152 ||| INVOKING Berserk.
  9179 | Lair:2   | 9179 ||| Stepping ~*~*~tactically~*~*~ (stealth).
  9270 | Lair:2   | Reached skill level 9 in Armour
  9317 | Lair:2   | Found a white marble altar of Elyvilon.
  9420 | Lair:2   | Noticed a catoblepas
  9423 | Lair:2   | Reached skill level 6 in Shields
  9435 | Lair:2   | 9435 ||| INVOKING Brothers in Arms.
  9439 | Lair:2   | 9439 ||| Stepping ~*~*~tactically~*~*~ (cloud).
  9440 | Lair:2   | Killed a catoblepas
  9602 | Lair:2   | 9602 ||| Stepping ~*~*~tactically~*~*~ (stealth).
  9603 | Lair:2   | 9603 ||| Stepping ~*~*~tactically~*~*~ (stealth).
  9833 | Lair:2   | 9833 ||| Stepping ~*~*~tactically~*~*~ (stealth).
  9856 | Lair:2   | 9856 ||| INVOKING Brothers in Arms.
  9858 | Lair:2   | 9858 ||| INVOKING Berserk.
  9861 | Lair:2   | Reached XP level 12. HP: 106/106 MP: 11/11
  9935 | Lair:2   | Reached skill level 10 in Fighting
  9946 | Lair:2   | Found the +8 whip "Snakebite" {venom, curare, rPois}
 10010 | Lair:2   | Noticed a death yak
 10012 | Lair:2   | Noticed a death yak
 10013 | Lair:2   | Noticed a death yak
 10013 | Lair:2   | Noticed a death yak
 10018 | Lair:2   | Noticed a death yak
 10021 | Lair:2   | Killed a death yak
 10021 | Lair:2   | Killed a death yak
 10026 | Lair:2   | Killed a death yak
 10027 | Lair:2   | Killed a death yak
 10029 | Lair:2   | Killed a death yak
 10127 | Lair:2   | Found a staircase to the Swamp.
 10425 | Lair:2   | 10425 ||| READING scroll labelled IROAXIODIO.
 10610 | Lair:3   | Reached skill level 18 in Axes
 11023 | Lair:3   | Found a hole to the Spider Nest.
 11164 | Lair:3   | 11164 ||| FLEEEEING.
 11177 | Lair:3   | Reached skill level 11 in Fighting
 11369 | Lair:3   | Reached skill level 6 in Dodging
 11378 | Lair:3   | 11378 ||| INVOKING Brothers in Arms.
 11437 | Lair:3   | 11437 ||| INVOKING Brothers in Arms.
 11698 | Lair:3   | 11698 ||| READING 2 scrolls of identify.
 11698 | Lair:3   | 11698 ||| IDENTIFYING white potion
 11699 | Lair:3   | 11699 ||| DROPPING potion of berserk rage.
 11741 | Lair:4   | 11741 ||| Stepping ~*~*~tactically~*~*~ (stealth).
 11778 | Lair:4   | Noticed a six-headed hydra
 11779 | Lair:4   | 11779 ||| INVOKING Brothers in Arms.
 11780 | Lair:4   | 11780 ||| INVOKING Brothers in Arms.
 11781 | Lair:4   | Noticed a six-headed hydra
 11784 | Lair:4   | Killed an eight-headed hydra
 11785 | Lair:4   | 11785 ||| SWAPPING to +8 whip "Snakebite" {venom, curare,
                  | rPois}.
 11786 | Lair:4   | 11786 ||| INVOKING Berserk.
 11787 | Lair:4   | Killed a six-headed hydra
 11803 | Lair:4   | 11803 ||| SWAPPING to +14 obsidian axe {vorpal, Mesm Drain
                  | Fly SInv}.
 12079 | Lair:4   | Reached XP level 13. HP: 102/104 MP: 12/12
 12086 | Lair:4   | Reached skill level 12 in Fighting
 12093 | Lair:4   | 12093 ||| INVOKING Berserk.
 12156 | Lair:4   | Found a staircase to the Slime Pits.
 12158 | Lair:4   | Found a viscous altar of Jiyva.
 12240 | Lair:4   | 12240 ||| INVOKING Brothers in Arms.
 12241 | Lair:4   | 12241 ||| INVOKING Brothers in Arms.
 12242 | Lair:4   | 12242 ||| INVOKING Brothers in Arms.
 12243 | Lair:4   | 12243 ||| INVOKING Brothers in Arms.
 12253 | Lair:4   | Reached skill level 12 in Armour
 12259 | Lair:4   | 12259 ||| INVOKING Berserk.
 12282 | Lair:4   | 12282 ||| INVOKING Brothers in Arms.
 12283 | Lair:4   | Reached skill level 13 in Fighting
 12283 | Lair:4   | HP: 29/122 [rime drake/flash freeze (10)]
 12284 | Lair:4   | 12284 ||| READING 6 scrolls of teleportation.
 12285 | Lair:4   | 12285 ||| DRINKING 3 potions of heal wounds.
 12548 | Lair:4   | 12548 ||| Stepping ~*~*~tactically~*~*~ (hiding).
 12789 | Lair:4   | 12789 ||| READING scroll labelled VOM ZITREENU.
 12799 | Lair:5   | Entered Level 5 of the Lair of Beasts
 12800 | Lair:5   | 12800 ||| INVOKING Brothers in Arms.
 12801 | Lair:5   | 12801 ||| INVOKING Brothers in Arms.
 12804 | Lair:5   | Reached skill level 6 in Throwing
 12806 | Lair:5   | 12806 ||| INVOKING Berserk.
 12812 | Lair:5   | Reached skill level 9 in Shields
 13129 | Lair:5   | 13129 ||| DROPPING +8 whip "Snakebite" {venom, curare,
                  | rPois}.
 13130 | Lair:5   | 13130 ||| DROPPING +4 flail of holy wrath.
 13181 | Lair:5   | 13181 ||| Stepping ~*~*~tactically~*~*~ (stealth).
 13186 | Lair:5   | 13186 ||| Stepping ~*~*~tactically~*~*~ (stealth).
 13197 | Lair:5   | 13197 ||| Stepping ~*~*~tactically~*~*~ (stealth).
 13293 | Lair:5   | 13293 ||| Stepping ~*~*~tactically~*~*~ (stealth).
 13375 | Lair:5   | 13375 ||| Stepping ~*~*~tactically~*~*~ (cloud).
 13385 | Lair:5   | Reached skill level 14 in Fighting
 13385 | Lair:5   | 13385 ||| FLEEEEING.
 13389 | Lair:5   | 13389 ||| INVOKING Brothers in Arms.
 13397 | Lair:5   | Reached XP level 14. HP: 77/132 MP: 13/13
 13587 | Lair:5   | Identified the +1 ring mail of Defiance {-Tele Harm Int+3
                  | Stlth+}
 13832 | Lair:5   | 13832 ||| Stepping ~*~*~tactically~*~*~ (stealth).
 13833 | Lair:5   | 13833 ||| Stepping ~*~*~tactically~*~*~ (stealth).
 13836 | Lair:5   | Reached skill level 15 in Fighting
 14029 | Lair:5   | 14029 ||| INVOKING Brothers in Arms.
 14280 | Lair:5   | 14280 ||| PLANNING D:1-11
 14280 | Lair:5   | 14280 ||| DROPPING ring of magical power.
 14348 | Lair:1   | 14348 ||| Stepping ~*~*~tactically~*~*~ (stealth).
 14349 | Lair:1   | 14349 ||| Stepping ~*~*~tactically~*~*~ (stealth).
 14487 | D:9      | 14487 ||| FLEEEEING.
 14488 | D:9      | 14488 ||| FLEEEEING.
 14489 | D:9      | 14489 ||| STAIRDANCE
 14634 | D:9      | 14634 ||| Stepping ~*~*~tactically~*~*~ (stealth).
 14648 | D:9      | 14648 ||| Stepping ~*~*~tactically~*~*~ (stealth).
 14649 | D:9      | 14649 ||| Stepping ~*~*~tactically~*~*~ (stealth).
 14652 | D:9      | 14652 ||| Stepping ~*~*~tactically~*~*~ (hiding).
 14674 | D:9      | 14674 ||| FLEEEEING.
 14675 | D:9      | 14675 ||| FLEEEEING.
 14676 | D:9      | 14676 ||| FLEEEEING.
 14677 | D:9      | 14677 ||| FLEEEEING.
 14678 | D:9      | 14678 ||| FLEEEEING.
 14679 | D:9      | 14679 ||| FLEEEEING.
 14680 | D:9      | 14680 ||| FLEEEEING.
 14681 | D:9      | 14681 ||| FLEEEEING.
 14682 | D:9      | 14682 ||| FLEEEEING.
 14683 | D:9      | 14683 ||| FLEEEEING.
 14684 | D:9      | 14684 ||| FLEEEEING.
 14685 | D:9      | 14685 ||| FLEEEEING.
 14724 | D:9      | 14724 ||| Stepping ~*~*~tactically~*~*~ (stealth).
 14725 | D:9      | 14725 ||| Stepping ~*~*~tactically~*~*~ (stealth).
 14777 | D:9      | 14777 ||| READING scroll labelled WEFILA QAUFET.
 14781 | D:9      | 14781 ||| FLEEEEING.
 14785 | D:9      | 14785 ||| STAIRDANCE
 14982 | D:8      | 14982 ||| DRINKING 2 silvery potions.
 14983 | D:8      | 14983 ||| DROPPING potion of flight.
 15210 | D:10     | Entered Level 10 of the Dungeon
 15214 | D:10     | Found a burning altar of Makhleb.
 15272 | D:10     | Found a staircase to the Orcish Mines.
 15542 | D:10     | 15542 ||| FLEEEEING.
 15617 | D:10     | Found the +2 cloak of the Thief {*Fog Slay-2 SInv Stlth+}
 15749 | D:10     | 15749 ||| INVOKING Brothers in Arms.
 15750 | D:10     | 15750 ||| INVOKING Brothers in Arms.
 15837 | D:10     | Noticed Erica
 15838 | D:10     | 15838 ||| INVOKING Brothers in Arms.
 15850 | D:10     | Killed Erica
 16112 | D:10     | 16112 ||| DROPPING amulet of the acrobat.
 16113 | D:10     | 16113 ||| READING scroll labelled TOGOINK XOON.
 16114 | D:10     | 16114 ||| READING 6 scrolls of identify.
 16114 | D:10     | 16114 ||| IDENTIFYING fuming silvery potion
 16115 | D:10     | 16115 ||| DROPPING potion of brilliance.
 17198 | D:11     | Reached skill level 9 in Dodging
 17204 | D:11     | 17204 ||| PLANNING D
 17204 | D:11     | 17204 ||| DROPPING amulet of faith.
 17205 | D:11     | 17205 ||| UPGRADING to +4 ring of evasion.
 17241 | D:11     | 17241 ||| READING scroll labelled JYCIRE YSOTH.
 17304 | D:12     | Received a gift from Trog
 17369 | D:12     | 17369 ||| Stepping ~*~*~tactically~*~*~ (stealth).
 17370 | D:12     | 17370 ||| INVOKING Brothers in Arms.
 17419 | D:12     | Found a portal to a secret trove of treasure.
 17435 | D:12     | 17435 ||| Stepping ~*~*~tactically~*~*~ (stealth).
 17440 | D:12     | 17440 ||| INVOKING Brothers in Arms.
 17441 | D:12     | 17441 ||| INVOKING Brothers in Arms.
 17886 | D:13     | Reached skill level 16 in Fighting
 17892 | D:13     | 17892 ||| INVOKING Brothers in Arms.
 17893 | D:13     | 17893 ||| INVOKING Brothers in Arms.
 17909 | D:13     | 17909 ||| Stepping ~*~*~tactically~*~*~ (cloud).
 18080 | D:13     | 18080 ||| Stepping ~*~*~tactically~*~*~ (hiding).
 18143 | D:13     | 18143 ||| Stepping ~*~*~tactically~*~*~ (hiding).
 18774 | D:13     | Noticed Urug
 18782 | D:13     | Killed Urug
 18856 | D:13     | 18856 ||| FLEEEEING.
 18966 | D:13     | 18966 ||| READING scroll of acquirement.
 18966 | D:13     | 18966 ||| ACQUIRING 813 gold pieces
 18966 | D:13     | Acquired 813 gold pieces
 19045 | D:14     | Reached XP level 15. HP: 72/144 MP: 14/14
 19047 | D:14     | 19047 ||| STAIRDANCE
 19468 | D:14     | 19468 ||| Stepping ~*~*~tactically~*~*~ (hiding).
 19472 | D:14     | 19472 ||| Stepping ~*~*~tactically~*~*~ (hiding).
 19479 | D:14     | 19479 ||| Stepping ~*~*~tactically~*~*~ (hiding).
 19480 | D:14     | 19480 ||| Stepping ~*~*~tactically~*~*~ (hiding).
 19504 | D:14     | 19504 ||| FLEEEEING.
 19509 | D:14     | 19509 ||| FLEEEEING.
 19732 | D:14     | Reached skill level 9 in Throwing
 19750 | D:14     | Found a gate to the Vaults.
 19756 | D:14     | Reached skill level 15 in Armour
 19878 | D:14     | 19878 ||| Stepping ~*~*~tactically~*~*~ (hiding).
 19954 | D:14     | Identified the +0 ring mail of the Other World {*Corrode
                  | Will+++ Str+7 Dex-2}
 19961 | D:14     | 19961 ||| Stepping ~*~*~tactically~*~*~ (hiding).
 20040 | D:14     | 20040 ||| Stepping ~*~*~tactically~*~*~ (stealth).
 20104 | D:14     | 20104 ||| INVOKING Brothers in Arms.
 20326 | D:14     | Found a burning altar of Makhleb.
 20343 | D:14     | 20343 ||| UPGRADING to +2 cloak.
 20353 | D:14     | 20353 ||| DROPPING +0 cloak.
 20354 | D:14     | 20354 ||| READING scroll labelled NOQOJY IPABRAU.
 20355 | D:14     | 20355 ||| READING scroll labelled JUACIULUDO.
 20356 | D:14     | 20356 ||| DRINKING 2 smoky brown potions.
 20357 | D:14     | 20357 ||| DROPPING potion of invisibility.
 20422 | D:15     | Entered Level 15 of the Dungeon
 20464 | D:15     | 20464 ||| Stepping ~*~*~tactically~*~*~ (hiding).
 20609 | D:15     | 20609 ||| INVOKING Berserk.
 20620 | D:15     | Reached skill level 17 in Fighting
 20660 | D:15     | 20660 ||| Stepping ~*~*~tactically~*~*~ (stealth).
 20662 | D:15     | 20662 ||| Stepping ~*~*~tactically~*~*~ (stealth).
 20858 | D:15     | 20858 ||| Stepping ~*~*~tactically~*~*~ (hiding).
 20860 | D:15     | 20860 ||| Stepping ~*~*~tactically~*~*~ (stealth).
 20861 | D:15     | 20861 ||| INVOKING Trog's Hand.
 20874 | D:15     | 20874 ||| INVOKING Brothers in Arms.
 21021 | D:15     | Found a staircase to the Depths.
 21148 | D:15     | 21148 ||| INVOKING Brothers in Arms.
 21149 | D:15     | 21149 ||| INVOKING Brothers in Arms.
 21718 | D:15     | 21718 ||| PLANNING ORC
 21718 | D:15     | 21718 ||| UPGRADING to +0 kite shield.
 21728 | D:15     | 21728 ||| DROPPING +0 buckler.
 21729 | D:15     | 21729 ||| UPGRADING to ring of protection from cold.
 21731 | D:15     | 21731 ||| READING 7 scrolls of identify.
 21731 | D:15     | 21731 ||| IDENTIFYING blue potion
 21732 | D:15     | 21732 ||| READING 6 scrolls of identify.
 21732 | D:15     | 21732 ||| IDENTIFYING smoky clear potion
 21733 | D:15     | 21733 ||| DROPPING potion of magic.
 21843 | Orc:1    | Entered Level 1 of the Orcish Mines
 22052 | Orc:1    | Found a transporter.
 22068 | Orc:1    | Noticed qw's ghost (journeyman MiBe)
 22146 | Orc:1    | Identified the +9 executioner's axe of Trog's Envy {vorpal,
                  | Str+2} (Trog gifted it to you on level 1 of the Orcish
                  | Mines)
 22146 | Orc:1    | Received a gift from Trog
 22244 | Orc:1    | Found a transporter.
 22385 | Orc:2    | Entered Level 2 of the Orcish Mines
 22393 | Orc:2    | 22393 ||| INVOKING Trog's Hand.
 22394 | Orc:2    | Noticed an orc warlord
 22394 | Orc:2    | 22394 ||| INVOKING Brothers in Arms.
 22399 | Orc:2    | Found Vohyich's Jewellery Shop.
 22409 | Orc:2    | 22409 ||| INVOKING Brothers in Arms.
 22411 | Orc:2    | Killed an orc warlord
 22412 | Orc:2    | HP: 32/147 [orc high priest/divine providence (17)]
 22413 | Orc:2    | 22413 ||| READING 12 scrolls of teleportation.
 22414 | Orc:2    | 22414 ||| DRINKING 6 potions of heal wounds.
 22416 | Orc:2    | 22416 ||| DRINKING 5 potions of heal wounds.
 22417 | Orc:2    | 22417 ||| DRINKING 4 potions of heal wounds.
 22418 | Orc:2    | Found Ikkeigos's Antique Armour Emporium.
 22421 | Orc:2    | HP: 29/147 [orc warrior/bolt (11)]
 22422 | Orc:2    | 22422 ||| READING 11 scrolls of teleportation.
 22423 | Orc:2    | 22423 ||| DRINKING 3 potions of heal wounds.
 22433 | Orc:2    | 22433 ||| FLEEEEING.
 22435 | Orc:2    | 22435 ||| INVOKING Trog's Hand.
 22436 | Orc:2    | HP: 33/147 [orc high priest/divine providence (12)]
 22437 | Orc:2    | 22437 ||| READING 10 scrolls of teleportation.
 22438 | Orc:2    | 22438 ||| DRINKING 2 potions of heal wounds.
 22442 | Orc:2    | Found Ryof's Antique Weapon Boutique.
 22445 | Orc:2    | 22445 ||| FLEEEEING.
 22454 | Orc:2    | HP: 35/147 [orc warrior/bolt (14)]
 22455 | Orc:2    | 22455 ||| READING 9 scrolls of teleportation.
 22456 | Orc:2    | 22456 ||| DRINKING potion of heal wounds.
 22460 | Orc:2    | 22460 ||| INVOKING Trog's Hand.
 22467 | Orc:2    | Gained mutation: You are weak. (Str -2) [a neqoxec]
 22468 | Orc:2    | Reached skill level 12 in Shields
 22474 | Orc:2    | HP: 34/147 [orc knight/+0 long sword (8)]
 22475 | Orc:2    | 22475 ||| READING 8 scrolls of teleportation.
 22478 | Orc:2    | 22478 ||| INVOKING Berserk.
 22810 | Orc:2    | 22810 ||| BUYING +4 ring of evasion (504 gold).
 22810 | Orc:2    | Bought a +4 ring of evasion for 504 gold pieces
 22810 | Orc:2    | 22810 ||| BUYING ring of fire (350 gold).
 22810 | Orc:2    | Bought a ring of fire for 350 gold pieces
 22810 | Orc:2    | 22810 ||| BUYING ring of poison resistance (280 gold).
 22810 | Orc:2    | Bought a ring of poison resistance for 280 gold pieces
 22810 | Orc:2    | 22810 ||| BUYING ring of protection from fire (350 gold).
 22810 | Orc:2    | Bought a ring of protection from fire for 350 gold pieces
 22922 | Orc:2    | 22922 ||| BUYING runed plate armour (650 gold).
 22922 | Orc:2    | Bought a runed plate armour for 650 gold pieces
 22922 | Orc:2    | 22922 ||| BUYING shiny plate armour (650 gold).
 22922 | Orc:2    | Bought a shiny plate armour for 650 gold pieces
 22922 | Orc:2    | 22922 ||| SHOPLISTING shiny plate armour (650 gold, have
                  | 267).
 23061 | Orc:2    | Found Ydghooc's Antique Armour Boutique.
 23070 | Orc:2    | 23070 ||| SHOPLISTING runed plate armour (702 gold, have
                  | 352).
 23073 | Orc:2    | Found Fyhaeg's General Store.
 23082 | Orc:2    | 23082 ||| SHOPLISTING +2 ratskin cloak {*Rats rPois rN+
                  | Str-1 Int-1 Dex+1} (444 gold, have 352).
 23082 | Orc:2    | 23082 ||| SHOPLISTING ring "Dijiqut" {Drain rPois rCorr
                  | SInv} (419 gold, have 352).
 23082 | Orc:2    | 23082 ||| BUYING scroll of identify (32 gold).
 23082 | Orc:2    | Bought a scroll of identify for 32 gold pieces
 23089 | Orc:2    | Found a staircase to the Elven Halls.
 23143 | Orc:2    | 23143 ||| PLANNING SPIDER:1-3
 23143 | Orc:2    | 23143 ||| DROPPING +0 fire dragon scales.
 23144 | Orc:2    | 23144 ||| UPGRADING to +2 plate armour of fire resistance.
 23154 | Orc:2    | 23154 ||| DROPPING +0 plate armour.
 23155 | Orc:2    | 23155 ||| UPGRADING to +4 plate armour of cold resistance.
 23165 | Orc:2    | 23165 ||| UPGRADING to +4 ring of evasion.
 23167 | Orc:2    | 23167 ||| UPGRADING to ring of poison resistance.
 23169 | Orc:2    | 23169 ||| DROPPING ring of protection from cold.
 23170 | Orc:2    | 23170 ||| DROPPING +6 ring of dexterity.
 23351 | Spider:1 | Entered Level 1 of the Spider Nest
 23356 | Spider:1 | Noticed Josephine
 23363 | Spider:1 | Killed Josephine
 23403 | Spider:1 | Reached XP level 16. HP: 132/155 MP: 15/15
 23470 | Spider:1 | 23470 ||| Stepping ~*~*~tactically~*~*~ (stealth).
 23578 | Spider:1 | 23578 ||| DRINKING 11 potions of curing.
 23578 | Spider:1 | 23578 ||| (to cure confusion)
 23582 | Spider:1 | Identified the +2 cloak of the Hunter {Int+6 Dex+2}
 23615 | Spider:1 | 23615 ||| DRINKING 10 potions of curing.
 23615 | Spider:1 | 23615 ||| (to cure confusion)
 23672 | Spider:1 | 23672 ||| Stepping ~*~*~tactically~*~*~ (hiding).
 23691 | Spider:1 | 23691 ||| Stepping ~*~*~tactically~*~*~ (hiding).
 23913 | Spider:1 | 23913 ||| INVOKING Brothers in Arms.
 24211 | Spider:1 | 24211 ||| INVOKING Brothers in Arms.
 24214 | Spider:1 | 24214 ||| INVOKING Berserk.
 24397 | Spider:1 | Noticed Jorgrun
 24410 | Spider:1 | Killed Jorgrun
 24411 | Spider:1 | Reached skill level 15 in Shields
 24526 | Spider:1 | 24526 ||| Stepping ~*~*~tactically~*~*~ (stealth).
 24768 | Spider:1 | 24768 ||| UPGRADING to +2 cloak of the Hunter {Int+6
                  | Dex+2}.
 24778 | Spider:1 | 24778 ||| DROPPING +2 cloak.
 24853 | Spider:2 | 24853 ||| Stepping ~*~*~tactically~*~*~ (hiding).
 24972 | Spider:2 | 24972 ||| INVOKING Brothers in Arms.
 25046 | Spider:2 | 25046 ||| Stepping ~*~*~tactically~*~*~ (stealth).
 25047 | Spider:2 | 25047 ||| INVOKING Brothers in Arms.
 25121 | Spider:2 | 25121 ||| Stepping ~*~*~tactically~*~*~ (hiding).
 25279 | Spider:2 | 25279 ||| Stepping ~*~*~tactically~*~*~ (stealth).
 25475 | Spider:2 | 25475 ||| INVOKING Brothers in Arms.
 25528 | Spider:2 | 25528 ||| Stepping ~*~*~tactically~*~*~ (stealth).
 25530 | Spider:2 | 25530 ||| Stepping ~*~*~tactically~*~*~ (stealth).
 25531 | Spider:2 | 25531 ||| Stepping ~*~*~tactically~*~*~ (stealth).
 25667 | Spider:2 | 25667 ||| INVOKING Brothers in Arms.
 25668 | Spider:2 | 25668 ||| INVOKING Brothers in Arms.
 25714 | Spider:2 | 25714 ||| Stepping ~*~*~tactically~*~*~ (stealth).
 25716 | Spider:2 | 25716 ||| INVOKING Brothers in Arms.
 25722 | Spider:2 | 25722 ||| INVOKING Brothers in Arms.
 25723 | Spider:2 | 25723 ||| INVOKING Brothers in Arms.
 25724 | Spider:2 | 25724 ||| INVOKING Brothers in Arms.
 25725 | Spider:2 | 25725 ||| INVOKING Brothers in Arms.
 25726 | Spider:2 | 25726 ||| INVOKING Brothers in Arms.
 25727 | Spider:2 | 25727 ||| INVOKING Brothers in Arms.
 25735 | Spider:2 | 25735 ||| INVOKING Brothers in Arms.
 25736 | Spider:2 | 25736 ||| INVOKING Brothers in Arms.
 25737 | Spider:2 | 25737 ||| INVOKING Brothers in Arms.
 25738 | Spider:2 | 25738 ||| INVOKING Brothers in Arms.
 25739 | Spider:2 | 25739 ||| INVOKING Brothers in Arms.
 26331 | Spider:3 | Noticed Azrael
 26340 | Spider:3 | Killed Azrael
 26405 | Spider:3 | 26405 ||| Stepping ~*~*~tactically~*~*~ (stealth).
 26407 | Spider:3 | 26407 ||| Stepping ~*~*~tactically~*~*~ (hiding).
 26408 | Spider:3 | 26408 ||| Stepping ~*~*~tactically~*~*~ (hiding).
 26418 | Spider:3 | 26418 ||| FLEEEEING.
 26423 | Spider:3 | 26423 ||| FLEEEEING.
 26694 | Spider:3 | Reached skill level 18 in Fighting
 26783 | Spider:3 | 26783 ||| Stepping ~*~*~tactically~*~*~ (stealth).
 26845 | Spider:3 | 26845 ||| INVOKING Brothers in Arms.
 26857 | Spider:3 | 26857 ||| READING 9 scrolls of teleportation.
 26879 | Spider:3 | 26879 ||| READING 8 scrolls of teleportation.
 26881 | Spider:3 | 26881 ||| FLEEEEING.
 26882 | Spider:3 | 26882 ||| FLEEEEING.
 26883 | Spider:3 | 26883 ||| FLEEEEING.
 27005 | Spider:3 | 27005 ||| DRINKING potion of resistance.
 27351 | Spider:3 | 27351 ||| PLANNING SWAMP:1-3
 27351 | Spider:3 | 27351 ||| READING 9 scrolls of identify.
 27351 | Spider:3 | 27351 ||| IDENTIFYING emerald potion
 27438 | Swamp:1  | Entered Level 1 of the Swamp
 27441 | Swamp:1  | 27441 ||| Stepping ~*~*~tactically~*~*~ (hiding).
 27442 | Swamp:1  | 27442 ||| Stepping ~*~*~tactically~*~*~ (hiding).
 27464 | Swamp:1  | 27464 ||| Stepping ~*~*~tactically~*~*~ (cloud).
 27468 | Swamp:1  | Reached XP level 17. HP: 91/159 MP: 16/16
 27486 | Swamp:1  | 27486 ||| Stepping ~*~*~tactically~*~*~ (stealth).
 27724 | Swamp:1  | 27724 ||| INVOKING Brothers in Arms.
 27851 | Swamp:1  | 27851 ||| INVOKING Brothers in Arms.
 27986 | Swamp:1  | 27986 ||| Stepping ~*~*~tactically~*~*~ (hiding).
 27988 | Swamp:1  | 27988 ||| Stepping ~*~*~tactically~*~*~ (hiding).
 28388 | Swamp:2  | 28388 ||| INVOKING Brothers in Arms.
 28395 | Swamp:2  | 28395 ||| INVOKING Berserk.
 28516 | Swamp:2  | 28516 ||| Stepping ~*~*~tactically~*~*~ (hiding).
 28518 | Swamp:2  | 28518 ||| INVOKING Berserk.
 28692 | Swamp:2  | 28692 ||| FLEEEEING.
 28797 | Swamp:2  | Reached skill level 19 in Fighting
 28808 | Swamp:2  | 28808 ||| Stepping ~*~*~tactically~*~*~ (stealth).
 28810 | Swamp:2  | 28810 ||| Stepping ~*~*~tactically~*~*~ (stealth).
 28898 | Swamp:2  | 28898 ||| READING scroll of enchant armour.
 28898 | Swamp:2  | 28898 ||| ENCHANTING +0 pair of gloves.
 28921 | Swamp:2  | 28921 ||| Stepping ~*~*~tactically~*~*~ (stealth).
 29027 | Swamp:3  | 29027 ||| Stepping ~*~*~tactically~*~*~ (hiding).
 29028 | Swamp:3  | 29028 ||| Stepping ~*~*~tactically~*~*~ (hiding).
 29062 | Swamp:3  | 29062 ||| Stepping ~*~*~tactically~*~*~ (stealth).
 29068 | Swamp:3  | 29068 ||| INVOKING Brothers in Arms.
 29072 | Swamp:3  | 29072 ||| INVOKING Berserk.
 29224 | Swamp:3  | Identified the +5 ring mail "Zolihatoi" {+Inv rF+ Regen+}
 29362 | Swamp:3  | 29362 ||| INVOKING Brothers in Arms.
 29363 | Swamp:3  | 29363 ||| INVOKING Brothers in Arms.
 29447 | Swamp:3  | Identified the +1 ring mail "Xuihef" {rElec rF+ Int-4}
 29462 | Swamp:3  | Reached skill level 18 in Armour
 29644 | Swamp:3  | 29644 ||| PLANNING SPIDER:4
 29784 | Spider:4 | Entered Level 4 of the Spider Nest
 29791 | Spider:4 | 29791 ||| INVOKING Brothers in Arms.
 29896 | Spider:4 | 29896 ||| INVOKING Brothers in Arms.
 30020 | Spider:4 | 30020 ||| Stepping ~*~*~tactically~*~*~ (hiding).
 30022 | Spider:4 | 30022 ||| INVOKING Brothers in Arms.
 30285 | Spider:4 | 30285 ||| INVOKING Brothers in Arms.
 30286 | Spider:4 | 30286 ||| INVOKING Brothers in Arms.
 30309 | Spider:4 | Noticed Mara
 30314 | Spider:4 | HP: 42/170 [something/bolt of fire (60)]
 30315 | Spider:4 | 30315 ||| READING 10 scrolls of teleportation.
 30316 | Spider:4 | 30316 ||| DRINKING potion of heal wounds.
 30320 | Spider:4 | 30320 ||| INVOKING Berserk.
 30430 | Spider:4 | Reached skill level 20 in Fighting
 30705 | Spider:4 | 30705 ||| Stepping ~*~*~tactically~*~*~ (hiding).
 30707 | Spider:4 | 30707 ||| INVOKING Brothers in Arms.
 30712 | Spider:4 | 30712 ||| INVOKING Brothers in Arms.
 30713 | Spider:4 | 30713 ||| INVOKING Brothers in Arms.
 30753 | Spider:4 | 30753 ||| INVOKING Berserk.
 30969 | Spider:4 | 30969 ||| Stepping ~*~*~tactically~*~*~ (stealth).
 30970 | Spider:4 | 30970 ||| Stepping ~*~*~tactically~*~*~ (stealth).
 31403 | Spider:4 | Identified the +1 pair of gloves of Exclusion {rCorr}
 31425 | Spider:4 | Got a gossamer rune of Zot
 31471 | Spider:4 | 31471 ||| Stepping ~*~*~tactically~*~*~ (stealth).
 31475 | Spider:4 | 31475 ||| Stepping ~*~*~tactically~*~*~ (stealth).
 31476 | Spider:4 | 31476 ||| Stepping ~*~*~tactically~*~*~ (stealth).
 31513 | Spider:4 | 31513 ||| Stepping ~*~*~tactically~*~*~ (hiding).
 31517 | Spider:4 | 31517 ||| INVOKING Berserk.
 31526 | Spider:4 | Killed Mara
 31644 | Spider:4 | 31644 ||| Stepping ~*~*~tactically~*~*~ (stealth).
 31746 | Spider:4 | 31746 ||| Stepping ~*~*~tactically~*~*~ (stealth).
 31758 | Spider:4 | Reached XP level 18. HP: 171/178 MP: 17/17
 31774 | Spider:4 | 31774 ||| DROPPING +0 morningstar.
 31956 | Spider:4 | 31956 ||| PLANNING VAULTS:1-4
 31956 | Spider:4 | 31956 ||| UPGRADING to +1 pair of gloves of Exclusion
                  | {rCorr}.
 31966 | Spider:4 | 31966 ||| DROPPING +1 pair of gloves.
 32296 | Vaults:1 | Entered Level 1 of the Vaults
 32318 | Vaults:1 | 32318 ||| INVOKING Trog's Hand.
 32338 | Vaults:1 | 32338 ||| INVOKING Trog's Hand.
 32432 | Vaults:1 | 32432 ||| INVOKING Trog's Hand.
 32516 | Vaults:1 | 32516 ||| Stepping ~*~*~tactically~*~*~ (hiding).
 32542 | Vaults:1 | 32542 ||| INVOKING Brothers in Arms.
 32606 | Vaults:1 | 32606 ||| Stepping ~*~*~tactically~*~*~ (hiding).
 32610 | Vaults:1 | 32610 ||| INVOKING Trog's Hand.
 32979 | Vaults:1 | Reached skill level 21 in Fighting
 32989 | Vaults:1 | Reached skill level 18 in Shields
 32991 | Vaults:1 | Received a gift from Trog
 33053 | Vaults:1 | 33053 ||| INVOKING Brothers in Arms.
 33074 | Vaults:1 | 33074 ||| INVOKING Brothers in Arms.
 33075 | Vaults:1 | 33075 ||| INVOKING Brothers in Arms.
 33076 | Vaults:1 | 33076 ||| INVOKING Brothers in Arms.
 33077 | Vaults:1 | 33077 ||| INVOKING Trog's Hand.
 33084 | Vaults:1 | 33084 ||| INVOKING Berserk.
 33084 | Vaults:1 | HP: 68/273 [fire giant/+1 great sword of flaming (17)]
 33091 | Vaults:1 | HP: 32/273 [harpy (14)]
 33563 | Vaults:1 | 33563 ||| Stepping ~*~*~tactically~*~*~ (hiding).
 33605 | Vaults:1 | 33605 ||| Stepping ~*~*~tactically~*~*~ (stealth).
 33606 | Vaults:1 | 33606 ||| Stepping ~*~*~tactically~*~*~ (stealth).
 33608 | Vaults:1 | 33608 ||| Stepping ~*~*~tactically~*~*~ (stealth).
 33610 | Vaults:1 | 33610 ||| Stepping ~*~*~tactically~*~*~ (stealth).
 33612 | Vaults:1 | 33612 ||| Stepping ~*~*~tactically~*~*~ (stealth).
 33614 | Vaults:1 | 33614 ||| Stepping ~*~*~tactically~*~*~ (stealth).
 34170 | Vaults:1 | 34170 ||| Stepping ~*~*~tactically~*~*~ (hiding).
 34188 | Vaults:1 | Identified the +6 dagger of Defiance {vorpal, rF+ Str+3
                  | Int-2 Stlth+}
 34377 | Vaults:2 | Reached skill level 22 in Fighting
 34381 | Vaults:2 | 34381 ||| STAIRDANCE
 34642 | Vaults:2 | Reached XP level 19. HP: 191/191 MP: 18/18
 34728 | Vaults:2 | 34728 ||| Stepping ~*~*~tactically~*~*~ (hiding).
 34729 | Vaults:2 | 34729 ||| Stepping ~*~*~tactically~*~*~ (hiding).
 34784 | Vaults:2 | 34784 ||| Stepping ~*~*~tactically~*~*~ (hiding).
 35092 | Vaults:2 | 35092 ||| Stepping ~*~*~tactically~*~*~ (hiding).
 35207 | Vaults:2 | 35207 ||| Stepping ~*~*~tactically~*~*~ (stealth).
 35220 | Vaults:2 | Reached skill level 21 in Armour
 35260 | Vaults:2 | 35260 ||| Stepping ~*~*~tactically~*~*~ (stealth).
 35272 | Vaults:2 | 35272 ||| INVOKING Trog's Hand.
 35313 | Vaults:2 | 35313 ||| Stepping ~*~*~tactically~*~*~ (hiding).
 35318 | Vaults:2 | 35318 ||| INVOKING Brothers in Arms.
 35454 | Vaults:2 | 35454 ||| FLEEEEING.
 35455 | Vaults:2 | 35455 ||| FLEEEEING.
 35795 | Vaults:2 | 35795 ||| Stepping ~*~*~tactically~*~*~ (hiding).
 35797 | Vaults:2 | 35797 ||| INVOKING Brothers in Arms.
 35800 | Vaults:2 | 35800 ||| INVOKING Trog's Hand.
 35889 | Vaults:2 | 35889 ||| INVOKING Brothers in Arms.
 35892 | Vaults:2 | Noticed Mennas
 35925 | Vaults:2 | Killed Mennas
 36920 | Vaults:2 | 36920 ||| Stepping ~*~*~tactically~*~*~ (hiding).
 36932 | Vaults:2 | 36932 ||| Stepping ~*~*~tactically~*~*~ (hiding).
 36955 | Vaults:2 | 36955 ||| INVOKING Trog's Hand.
 37239 | Vaults:2 | 37239 ||| UPGRADING to +0 tower shield.
 37249 | Vaults:2 | 37249 ||| DROPPING +0 kite shield.
 37270 | Vaults:3 | 37270 ||| STAIRDANCE
 37422 | Vaults:3 | 37422 ||| Stepping ~*~*~tactically~*~*~ (hiding).
 37424 | Vaults:3 | 37424 ||| INVOKING Trog's Hand.
 37669 | Vaults:3 | 37669 ||| INVOKING Trog's Hand.
 37698 | Vaults:3 | Found Dyosijise's Weapon Shop.
 37723 | Vaults:3 | Found a staircase to the Crypt.
 37948 | Vaults:3 | 37948 ||| INVOKING Trog's Hand.
 37976 | Vaults:3 | Received a gift from Trog
 37979 | Vaults:3 | 37979 ||| Stepping ~*~*~tactically~*~*~ (stealth).
 38251 | Vaults:3 | Found Lehuy's Assorted Antiques.
 38415 | Vaults:4 | Noticed Margery
 38416 | Vaults:4 | 38416 ||| PLANNING BAZAAR
 38416 | Vaults:4 | 38416 ||| INVOKING Brothers in Arms.
 38422 | Vaults:4 | 38422 ||| Stepping ~*~*~tactically~*~*~ (hiding).
 38425 | Vaults:4 | 38425 ||| INVOKING Brothers in Arms.
 38440 | Vaults:4 | 38440 ||| INVOKING Brothers in Arms.
 38443 | Vaults:4 | Killed Margery
 38444 | Vaults:4 | 38444 ||| INVOKING Berserk.
 38724 | Vaults:4 | 38724 ||| INVOKING Brothers in Arms.
 38742 | Vaults:4 | 38742 ||| INVOKING Trog's Hand.
 38823 | Vaults:4 | 38823 ||| Stepping ~*~*~tactically~*~*~ (stealth).
 38836 | Vaults:4 | Reached skill level 21 in Shields
 38836 | Vaults:4 | Reached XP level 20. HP: 200/200 MP: 19/19
 38846 | Vaults:4 | 38846 ||| DRINKING 16 potions of curing.
 38846 | Vaults:4 | 38846 ||| (to cure bad poison)
 39019 | Vaults:4 | 39019 ||| Stepping ~*~*~tactically~*~*~ (stealth).
 39021 | Vaults:4 | 39021 ||| Stepping ~*~*~tactically~*~*~ (hiding).
 39022 | Vaults:4 | 39022 ||| INVOKING Trog's Hand.
 39091 | Vaults:4 | 39091 ||| INVOKING Trog's Hand.
 39110 | Vaults:4 | Noticed Frederick
 39130 | Vaults:4 | Killed Frederick
 39235 | Vaults:4 | 39235 ||| Stepping ~*~*~tactically~*~*~ (hiding).
 39236 | Vaults:4 | 39236 ||| INVOKING Trog's Hand.
 39300 | Vaults:4 | 39300 ||| INVOKING Berserk.
 39507 | Vaults:4 | 39507 ||| RIP BAZAAR
 39544 | Vaults:4 | 39544 ||| PLANNING VAULTS:1-4
 39657 | Vaults:4 | HP: 49/202 [acid (5)]
 39658 | Vaults:4 | 39658 ||| READING 10 scrolls of teleportation.
 39660 | Vaults:4 | Killed from afar by an ironbound thunderhulk

Levels and vault maps discovered:
D:1:      wander_arrival_abandoned_jail, layout_basic, minmay_misc_feat_square
D:2:      layout_loops_ring, chequers_ecumenical_altar_simple_redux,
          cheibrodos_gnoll_hut
D:3:      layout_loops_ring, nicolae_hepliaklqana_hazy_memory,
          mainiacjoe_overflow_six_doors_small, gammafunk_ghost_cemetery
D:4:      layout_basic, lemuel_temple_firewalk_b, item_on_display_a,
          uniq_blork_the_orc
D:5:      layout_rooms, nicolae_overflow_hidden_temple, serial_shops,
          shop_statue, chequers_serial_rivers_micro_b, roderic_roman_lattice
D:6:      layout_layer_cave, mainiacjoe_overflow_alcove_1,
          mainiacjoe_overflow_small_starburst
D:7:      layout_basic, minmay_strange_pillars, uniq_crazy_yiuf_cottage,
          uniq_joseph
D:8:      layout_rooms, mainiacjoe_overflow_catwalk, okawaru_gym_becter,
          due_lair_maze_entry_diamond, kennysheep_nondescript, uniq_pikel,
          uniq_grum, uniq_gastronok
D:9:      layout_gridville, nicolae_concentric_dashed_squares_wild
D:10:     layout_roguey, lightli_temple_of_fire, orc_0_dummy,
          minmay_alternating_orb, uniq_erica
D:11:     layout_stronghold, portal_ice_cave_entry_animals_and_master
D:12:     layout_roguey, nicolae_trove_entry_isolated
D:13:     layout_long_grid, uniq_urug
D:14:     layout_long_grid, grunt_vaults_entry_tiered,
          infiniplex_staircase_river, bloody_makhleb
D:15:     hangedman_depths_entry_civil_slaughter, layout_basic,
          minmay_misc_feat_nine_boxes, nrook_guardian_serpent_ordinary
Lair:1:   layout_hall_layers, special_room [special_room_bee], worms_lemuel
Lair:2:   minmay_guarded_unrand_snakebite, layout_gridlike, swamp_mist,
          basic_altar, nicolae_lair_grazing_beasts [nicolae_sub_lair_graze_edge,
          nicolae_sub_lair_graze_edge, nicolae_sub_lair_graze_edge,
          nicolae_sub_lair_graze_edge]
Lair:3:   layout_regular_city, nicolae_spider_entry_tight_spaces,
          cheibrodos_lair_caveside_slide, beast_lair_carwin_4
Lair:4:   layout_long_grid, slime_entry_1, special_room
          [special_room_mythical_zoo], lemuel_fruit_fields, grunt_megastairs_2
Lair:5:   grunt_lair_end_beastmaster, layout_misc_corridors, grunt_megastairs_1
Swamp:1:  layout_basic_swamp, evilmike_swamp_ruin_house_4
Swamp:2:  layout_basic_swamp, evilmike_swamp_ruin_rubble_2,
          infiniplex_staircase_pool
Swamp:3:  layout_basic_swamp, nicolae_swamp_trees_clearing
Spider:1: layout_cave_pods, uniq_josephine, uniq_jorgrun
Spider:2: layout_spider_delve, nicolae_spider_orb_run
Spider:3: layout_spider_delve, nicolae_spider_moth_buddies, uniq_azrael
Spider:4: spider_rune_water, drop_trap, uniq_mara
Orc:1:    layout_caves, basic_altar, gammafunk_ghost_stat_death
Orc:2:    grunt_orc_gardens, layout_caves, grunt_orc_garden, grunt_orc_garden,
          grunt_orc_garden, grunt_orc_garden, serial_shops,
          nicolae_shop_competitors_out_of_business
Vaults:1: nicolae_vaults_triangles, nicolae_vaults_network_quincunx
          [nicolae_vaults_network_quincunx_subvault,
          nicolae_vaults_network_quincunx_subvault,
          nicolae_vaults_network_quincunx_subvault,
          nicolae_vaults_network_quincunx_subvault,
          nicolae_vaults_network_quincunx_subvault], vaults_mumra_minichess,
          ontoclasm_vaults_gallery, nicolae_vaults_diagonal_hallway_6,
          vaults_mumra_minichess_inversion, vaults_room_semicircle,
          grunt_vaults_bifocal, v_misc_5, nicolae_vaults_twisting_passages,
          ontoclasm_vaults_twist, nicolae_vaults_little_squares_6,
          vaults_dpeg_diagonal, layout_vaults_maze_bifur
Vaults:2: vaults_room_stairs_pillars, v_misc_19, v_misc_25, vaults_mumra_hex,
          v_misc_22, nicolae_vaults_little_squares_6, nicolae_vaults_little_ls,
          nicolae_vaults_network_star, ontoclasm_vaults_spin,
          vaults_room_hallway, nicolae_vaults_diagonal_hallway_9,
          layout_vaults_quadrants, uniq_mennas
Vaults:3: v_rooms_6, vaults_mumra_hexcomb, vaults_room_stairs_pillars,
          ontoclasm_vaults_shuriken, nicolae_vaults_gold_heap,
          layout_vaults_big_room, dummy_crypt_entry, serial_shops, shop,
          nicolae_shop_bloodbath_and_beyond
Vaults:4: v_misc_12, v_misc_25, hangedman_vaults_locks,
          hangedman_vaults_river_flow, vaults_standard_mumra_x,
          nicolae_vaults_hallways_thing,
          vaults_standard_mumra_enter_the_diamond, v_misc_18,
          nicolae_vaults_little_squares_3, v_misc_8, vaults_room_semicircle,
          v_misc_17, layout_vaults_omnibox, serial_shops, freezing_bzr,
          uniq_frederick, uniq_margery

Skill      XL: |  1  2  3  4  5  6  7  8  9 10 11 12 13 14 15 16 17 18 19 20 |
---------------+-------------------------------------------------------------+-----
Axes           | 4 5 6 7 8 10 11 13 14 17 18 | 18.0
Fighting       | 4 5 6 8 9 11 14 16 17 18 20 22 | 22.6
Armour         | 3 4 5 6 7 9 11 13 14 16 17 19 20 21 | 21.0
Throwing       | 1 2 3 5 6 7 9 10 11 | 11.0
Dodging        | 3 4 6 7 9 10 11 | 11.0
Shields        | 5 6 7 9 10 12 16 17 18 21 | 21.6

Action                   |  1- 3 |  4- 6 |  7- 9 | 10-12 | 13-15 | 16-18 | 19-21 || total
-------------------------+-------+-------+-------+-------+-------+-------+-------++-------
Melee: Hand axe          |    54 |    44 |       |       |       |       |       ||    98
       Headbutt          |     2 |    19 |    10 |    33 |   131 |   198 |   112 ||   505
       Punch             |     1 |       |     1 |       |       |       |       ||     2
       War axe           |       |    60 |    26 |       |       |       |       ||    86
       Broad axe         |       |       |    75 |   209 |   612 |   863 |   418 ||  2177
Throw: Javelin           |       |     4 |    23 |    56 |   114 |    74 |    18 ||   289
       Boomerang         |       |       |     2 |    17 |    33 |   100 |    54 ||   206
Invok: Berserk           |     1 |     4 |     3 |     5 |     5 |     8 |     2 ||    28
       Brothers in Arms  |       |       |       |     7 |    15 |    25 |     7 ||    54
       Trog's Hand       |       |       |       |       |     4 |     5 |    10 ||    19
  Use: Scroll            |     2 |     7 |     8 |     6 |    16 |     5 |     1 ||    45
       Potion            |       |     1 |     1 |       |     9 |     4 |     1 ||    16
 Stab: Distracted        |       |       |     2 |     3 |     5 |     5 |     5 ||    20
       Petrified         |       |       |       |     3 |       |       |       ||     3
Armor: Animal skin       |    12 |     1 |       |       |       |       |       ||    13
       Ring mail         |       |     9 |       |       |       |       |       ||     9
       Chain mail        |       |    16 |    31 |     9 |       |       |       ||    56
       Plate armour      |       |       |       |    55 |   203 |   290 |    88 ||   636
Dodge: Dodged            |    38 |    36 |    25 |    41 |   214 |   276 |    85 ||   715
Block: Other             |       |     2 |    16 |     5 |       |       |       ||    23
       Reflection        |       |       |     3 |     1 |    21 |    12 |    33 ||    70
       Buckler           |       |       |       |    65 |   211 |       |       ||   276
       Kite shield       |       |       |       |       |   112 |   625 |   120 ||   857
       Tower shield      |       |       |       |       |       |       |   185 ||   185

Table legend:
 A = Non-vault XP
 B = Vault XP
 C = Vault XP percentage of total XP
 D = Non-vault monster count
 E = Vault monster count
 F = Vault count percentage of total count
                 A         B        C        D         E       F
            +---------+---------+-------+---------+---------+-------
      Total |  310984 |  194090 |  38.4 |     899 |     399 |  30.7
            +---------+---------+-------+---------+---------+-------
        D:1 |      17 |       0 |   0.0 |       9 |       0 |   0.0
        D:2 |      91 |      18 |  16.5 |      18 |       3 |  14.3
        D:3 |     158 |       0 |   0.0 |      17 |       0 |   0.0
        D:4 |     198 |     102 |  34.0 |      19 |       1 |   5.0
        D:5 |     727 |       0 |   0.0 |      18 |       0 |   0.0
        D:6 |     999 |       0 |   0.0 |      25 |       0 |   0.0
        D:7 |    1572 |     460 |  22.6 |      39 |       1 |   2.5
        D:8 |     751 |    3843 |  83.7 |      14 |      16 |  53.3
        D:9 |    3102 |       0 |   0.0 |      31 |       0 |   0.0
       D:10 |    4243 |    3175 |  42.8 |      23 |      16 |  41.0
       D:11 |    2107 |    1953 |  48.1 |      22 |       8 |  26.7
       D:12 |    6292 |       0 |   0.0 |      20 |       0 |   0.0
       D:13 |    6223 |     798 |  11.4 |      11 |       1 |   8.3
       D:14 |   11594 |    6625 |  36.4 |      20 |      25 |  55.6
       D:15 |   10782 |    5232 |  32.7 |      26 |       8 |  23.5
     Lair:1 |    3663 |    2342 |  39.0 |      13 |      23 |  63.9
     Lair:2 |    7293 |    4644 |  38.9 |      22 |      18 |  45.0
     Lair:3 |    4532 |    3043 |  40.2 |      16 |      13 |  44.8
     Lair:4 |    7709 |    9697 |  55.7 |      19 |      33 |  63.5
     Lair:5 |   11847 |   10221 |  46.3 |      43 |      22 |  33.8
    Swamp:1 |   11876 |       0 |   0.0 |      24 |       0 |   0.0
    Swamp:2 |   10376 |       0 |   0.0 |      19 |       0 |   0.0
    Swamp:3 |   12580 |       0 |   0.0 |      23 |       0 |   0.0
   Spider:1 |   20164 |    3429 |  14.5 |      55 |       5 |   8.3
   Spider:2 |   10166 |    5794 |  36.3 |      34 |       9 |  20.9
   Spider:3 |   14133 |    6758 |  32.3 |      37 |      17 |  31.5
   Spider:4 |   21759 |   21999 |  50.3 |      51 |      37 |  42.0
      Orc:1 |    2548 |       0 |   0.0 |      36 |       0 |   0.0
      Orc:2 |    3103 |    9317 |  75.0 |      33 |      27 |  45.0
   Vaults:1 |   39174 |   34407 |  46.8 |      53 |      44 |  45.4
   Vaults:2 |   32224 |   29090 |  47.4 |      43 |      38 |  46.9
   Vaults:3 |   21765 |    6965 |  24.2 |      33 |       8 |  19.5
   Vaults:4 |   27216 |   24178 |  47.0 |      33 |      26 |  44.1
            +---------+---------+-------+---------+---------+-------
